 Dungeon Crawl Stone Soup version 0.30-a0-618-gd6c86c23d0 (webtiles) character file.

Game seed: 6669130254051822544

8384 Dirtsage the Cleaver (level 11, -2/84 HPs)
             Began as a Demonspawn Fighter on Jan 9, 2023.
             Slain by a two-headed ogre
             ... wielding a +0 giant club
              (9 damage)
             ... on level 9 of the Dungeon.
             The game lasted 00:26:08 (10298 turns).

Dirtsage the Cleaver (Demonspawn Fighter)          Turns: 10298, Time: 00:26:09

Health: -2/84      AC: 20    Str: 20    XL:     11   Next: 9%
Magic:  0/11       EV: 10    Int: 11    God:
Gold:   1010       SH:  6    Dex: 18    Spells: 10/10 levels left

rFire   + . .      SeeInvis .    k - +3 hand axe
rCold   + . .      Faith    .    c - +0 buckler
rNeg    . . .      Spirit   +    P - +5 ring mail of the Journeyman {+Blink rF+ Stlth+}
rPois   .          Reflect  .    x - +1 hat
rElec   .          Harm     .    M - +2 cloak
rCorr   .          Rampage  .    f - +0 pair of gloves
Will    .....                    R - +0 pair of boots
Stlth   ++                       z - amulet of guardian spirit
HPRegen 0.34/turn                e - +6 ring of dexterity
MPRegen 0.12/turn                I - ring of protection from cold

@: no status effects
A: antennae 2, icy blue scales 1, demonic guardian 1, demonic magic 1
a: Evoke Blink


You were on level 9 of the Dungeon.
You visited 2 branches of the dungeon, and saw 10 of its levels.
You also visited: Bailey.

You collected 1010 gold pieces.

Inventory:

Hand Weapons
 a - a +0 war axe
 k - a +3 hand axe (weapon)
 U - a +0 morningstar
Missiles
 q - a throwing net (quivered)
 N - 6 javelins
 V - 8 curare-tipped darts
Armour
 b - a +0 scale mail
 c - a +0 buckler (worn)
 f - a +0 pair of gloves (worn)
 r - a +0 cloak
 x - a +1 hat (worn)
 M - a +2 cloak (worn)
 P - the +5 ring mail of the Journeyman (worn) {+Blink rF+ Stlth+}
   (You found it on level 7 of the Dungeon)

   rF:        It protects you from fire.
   +Blink:    It lets you blink.
   Stlth:     It makes you more stealthy.
 R - a +0 pair of boots (worn)
Magical Staves
 w - a staff of conjuration
Jewellery
 e - a +6 ring of dexterity (left hand)
 z - an amulet of guardian spirit (around neck)
 C - a ring of resist corrosion
 F - a ring of protection from fire
 I - a ring of protection from cold (right hand)
 J - an amulet of magic regeneration
Wands
 D - a wand of digging (11)
 G - a wand of light (7)
 K - a wand of roots (14)
 O - a wand of paralysis (9)
Scrolls
 m - 3 scrolls of noise {unknown}
 t - a scroll of enchant armour
 v - a scroll of silence
 y - a scroll of poison
 B - a scroll of blinking
 E - 3 scrolls of teleportation {unknown}
 Q - a scroll of vulnerability
 S - 2 scrolls of immolation
 T - 2 scrolls of amnesia {unknown}
 W - a scroll of enchant weapon
Potions
 d - a potion of might
 h - 2 potions of haste
 j - 2 potions of invisibility
 l - a potion of heal wounds
 n - a potion of flight
 o - a potion of brilliance {unknown}
 p - a potion of attraction {unknown}
 s - a potion of lignification
 A - a potion of berserk rage {unknown}
 H - a potion of mutation {unknown}
 L - a potion of degeneration {unknown}


   Skills:
 + Level 7.2 Fighting
 + Level 11.4 Axes
 + Level 3.4 Throwing
 + Level 6.5 Armour
 + Level 6.6 Shields


You had 10 spell levels left.
You didn't know any spells.
Your spell library contained the following spells:

 Spells                   Type           Power      Damage    Failure   Level
 Beastly Appendage        Tmut           0%         N/A       56%         1
 Freeze                   Ice            0%         1d3       56%         1
 Kiss of Death            Conj/Necr      0%         2d5       56%         1
 Cigotuvi's Dreadful Rot  Necr/Pois/Air  0%         N/A       71%         2
 Poisonous Vapours        Pois/Air       0%         N/A       71%         2
 Wereblood                Tmut           0%         N/A       71%         2
 Confusing Touch          Hex            0%         N/A       91%         3
 Frozen Ramparts          Ice            0%         1d1       91%         3
 Gell's Gravitas          Tloc           0%         N/A       91%         3
 Hailstorm                Conj/Ice       0%         3d3       91%         3
 Lesser Beckoning         Tloc           0%         N/A       91%         3
 Mephitic Cloud           Conj/Pois/Air  0%         N/A       91%         3
 Spider Form              Tmut/Pois      0%         N/A       91%         3
 Summon Guardian Golem    Hex/Summ       0%         N/A       91%         3
 Teleport Other           Tloc           0%         N/A       91%         3
 Dispel Undead            Necr           0%         3d6       100%        4
 Orb of Destruction       Conj           0%         9d5       100%        7
 Spellforged Servitor     Conj/Summ      0%         N/A       100%        7


Dungeon Overview and Level Annotations

Branches:
Dungeon (9/15)             Temple (1/1) D:4          Bailey (visited)
   Lair: D:8-11         Orc: D:9-12

Altars:
Ashenzari
Dithmenos
Fedhas
Hepliaklqana
Kikubaaqudgha
Makhleb
Nemelex Xobeh
Okawaru
Qazlal
Ru
Trog
Uskayaw
Vehumet
Xom
Yredelemnul

Shops:
D:3 =   D:4 :   D:7 ((


Innate Abilities, Weirdness & Mutations

You have a pair of antennae on your head.
You are partially covered in icy blue scales. (AC +2)
A weak demonic guardian rushes to your aid.
Spells you cast may paralyse adjacent enemies.


Message History

You block the two-headed ogre's attack.
You take 21 damage, and have 57/84 hp.
MASSIVE DAMAGE!!
You now have 9/11 mp.
You hit the two-headed ogre.
The two-headed ogre is lightly wounded.
You hit the two-headed ogre but do no damage.
The two-headed ogre is lightly wounded.
The two-headed ogre hits you with a +0 giant club!!
A demonic guardian appears!
The two-headed ogre hits you but does no damage.
You take 23 damage, and have 34/84 hp.
MASSIVE DAMAGE!!
You now have 5/11 mp.
You barely miss the two-headed ogre.
The two-headed ogre is lightly wounded.
You barely miss the two-headed ogre.
The two-headed ogre is lightly wounded.
The two-headed ogre closely misses you.
The two-headed ogre hits you with a +0 giant spiked club!
* * * LOW HITPOINT WARNING * * *
You take 14 damage, and have 20/84 hp.
You now have 3/11 mp.
You hit the two-headed ogre.
The two-headed ogre is moderately wounded.
You hit the two-headed ogre.
The two-headed ogre is moderately wounded.
You block the two-headed ogre's attack. x2
You barely miss the two-headed ogre.
The two-headed ogre is moderately wounded.
You slash the two-headed ogre!
The two-headed ogre is heavily wounded.
The two-headed ogre hits you with a +0 giant club.
* * * LOW HITPOINT WARNING * * *
You block the two-headed ogre's attack.
You take 4 damage, and have 17/84 hp.
You now have 2/11 mp.
You hit the two-headed ogre.
The two-headed ogre is heavily wounded.
You hit the two-headed ogre but do no damage.
The two-headed ogre is heavily wounded.
The two-headed ogre hits you with a +0 giant club!
* * * LOW HITPOINT WARNING * * *
A demonic guardian appears!
The two-headed ogre hits you with a +0 giant spiked club!
You die...

##### #.######
#......###### .......
#.####.#..... .......
#....#....... .......
#.##...# .......
#.###..## ###.......
#.###...## #.$...~...
#........###KK..#....
#
..........5@OhK......~
#
#####....5###h#.......
# ##...##{{{Y....#[#
#.#.##.#.......# #
...#..#.#.#..#.## #
#####.#. .<......# #
.### #.#......) # #
.....#..#.


You could see a two-headed ogre (ally target), a polar bear, an ice beast, a
kobold brigand, a wolf, 2 kobolds and 2 friendly shadow imps.

Vanquished Creatures
  Erica (D:8)
  A rime drake (D:9)
  A hornet (D:9)
  Sigmund (D:3)
  A wyvern (D:8)
  6 yaks (D:8)
  3 black bears
  4 sky beasts
  8 orc warriors (Bailey)
  7 ice beasts
  3 ogres
  2 wolves (D:9)
  3 centaurs
  5 phantoms
  6 kobold brigands (Bailey)
  4 bullfrogs
  A scorpion (D:5)
  A gnoll sergeant (D:9)
  A necrophage (D:5)
  4 wights (D:8)
  9 killer bees (D:9)
  2 howler monkeys (D:3)
  5 gnoll boudas (D:3)
  8 hounds
  5 jellies
  An orc priest (D:8)
  Crazy Yiuf (D:3)
  3 iguanas
  Jessica (D:3)
  5 orc wizards
  Natasha (twice) (D:2)
  Robin (D:2)
  15 gnolls
  11 adders
  A shadow imp (D:8)
  7 white imps (D:8)
  5 ufetubi (D:8)
  5 worms
  A dart slug (D:1)
  45 orcs
  6 endoplasms
  5 giant cockroaches
  21 goblins
  9 hobgoblins
  17 jackals
  2 quokkas
  7 ball pythons
  5 bats
  5 frilled lizards
  17 kobolds
  4 rats
294 creatures vanquished.

Vanquished Creatures (collateral kills)
  An ice beast (D:5)
  2 kobold brigands
  A howler monkey (D:3)
  2 gnolls
  An orc (D:3)
  A goblin (D:8)
8 creatures vanquished.

Vanquished Creatures (others)
  A demonic plant (D:8)
  3 plants
4 creatures vanquished.

Grand Total: 306 creatures vanquished

Notes
Turn   | Place    | Note
-------+----------+-------------------------------------------
     0 | D:1      | Dirtsage the Demonspawn Fighter began the quest for the
                  | Orb.
     0 | D:1      | Reached XP level 1. HP: 18/18 MP: 1/1
    50 | D:1      | Reached skill level 2 in Axes
   125 | D:1      | Found a faded altar of an unknown god.
   237 | D:1      | Gained mutation: You have a pair of small antennae on your
                  | head. [demonic ancestry]
   237 | D:1      | Reached XP level 2. HP: 20/24 MP: 2/2
   788 | D:1      | Reached skill level 3 in Axes
   965 | D:2      | You fall into a shaft and drop 1 floor!
   978 | D:3      | Gained mutation: You have a pair of antennae on your head.
                  | [demonic ancestry]
   978 | D:3      | Reached XP level 3. HP: 17/29 MP: 3/3
  1089 | D:3      | Noticed Sigmund
  1095 | D:3      | Killed Sigmund
  1096 | D:3      | Reached skill level 5 in Axes
  1096 | D:3      | Gained mutation: A weak demonic guardian rushes to your
                  | aid. [demonic ancestry]
  1096 | D:3      | Reached XP level 4. HP: 21/35 MP: 4/4
  1096 | D:3      | Reached XP level 5. HP: 25/41 MP: 5/5
  1565 | D:2      | Noticed Robin
  1585 | D:2      | Killed Robin
  1723 | D:2      | Noticed Natasha
  1735 | D:2      | Killed Natasha
  1736 | D:2      | Gained mutation: You are partially covered in icy blue
                  | scales. (AC +2) [demonic ancestry]
  1736 | D:2      | Reached XP level 6. HP: 9/47 MP: 6/6
  2280 | D:2      | Noticed Natasha
  2290 | D:2      | Killed Natasha
  2291 | D:2      | Reached skill level 6 in Axes
  2339 | D:3      | Noticed Jessica
  2342 | D:3      | Killed Jessica
  2388 | D:3      | Found Dukeg's One-of-a-Kind Rings.
  2636 | D:3      | Found a large runed translucent door.
  2636 | D:3      | Found a large runed translucent door.
  2778 | D:3      | Found a runed translucent door.
  2779 | D:3      | Noticed Crazy Yiuf
  2789 | D:3      | Killed Crazy Yiuf
  3098 | D:3      | Reached skill level 7 in Axes
  3098 | D:3      | Gained mutation: Spells you cast may paralyse adjacent
                  | enemies. [demonic ancestry]
  3098 | D:3      | Reached XP level 7. HP: 23/52 MP: 7/7
  3699 | D:3      | Reached skill level 8 in Axes
  4170 | D:3      | Found a hide-covered altar of Uskayaw.
  4179 | D:3      | Found a basalt altar of Yredelemnul.
  4288 | D:4      | Reached XP level 8. HP: 58/58 MP: 8/8
  4459 | D:4      | Found Gyesoj's Book Shoppe.
  4623 | D:4      | Found a staircase to the Ecumenical Temple.
  4631 | Temple   | Entered the Ecumenical Temple
  5084 | D:5      | Entered Level 5 of the Dungeon
  5349 | D:5      | Reached skill level 9 in Axes
  6307 | D:6      | Reached XP level 9. HP: 57/66 MP: 9/9
  6826 | D:6      | Reached skill level 10 in Axes
  6936 | D:6      | Found a sparkling altar of Nemelex Xobeh.
  7161 | D:7      | Reached skill level 5 in Fighting
  7367 | D:7      | Found Robiam's Antique Weapon Emporium.
  7407 | D:7      | Found Ynwou's Firing Range.
  7471 | D:7      | Identified the +5 ring mail of the Journeyman {+Blink rF+
                  | Stlth+}
  7794 | D:7      | Reached skill level 5 in Shields
  7882 | D:7      | Found a blossoming altar of Fedhas.
  8119 | D:8      | Reached skill level 5 in Armour
  8283 | D:8      | Reached XP level 10. HP: 75/76 MP: 10/10
  8340 | D:8      | Found a flagged portal.
  8391 | Bailey   | Entered a bailey
  8565 | Bailey   | Reached skill level 1 in Throwing
  8595 | Bailey   | Reached skill level 11 in Axes
  8595 | Bailey   | HP: 1/114 [orc warrior/+0 war axe (5)]
  8872 | Bailey   | Found a bloodstained altar of Trog.
  8878 | Bailey   | Identified the +7 spear of Doom {venom, *Slow rC++ Dex+3
                  | Stlth+}
  9189 | D:8      | Found a broken altar of Ashenzari.
  9221 | D:8      | Noticed Erica
  9278 | D:8      | Killed Erica
 10237 | D:9      | Reached XP level 11. HP: 72/84 MP: 11/11
 10246 | D:9      | Noticed a two-headed ogre
 10298 | D:9      | Slain by a two-headed ogre

Illustrated notes

Levels and vault maps discovered:
D:1:      wander_arrival_abandoned_jail, layout_basic,
          shapermc_ecumenical_altar_venn
D:2:      layout_basic, uniq_natasha, uniq_robin
D:3:      lemuel_castle_with_subvaults [lemuel_castle_interior_carwin_2],
          layout_rooms, jmf_multi_god_temple2, minmay_parallelograms,
          nicolae_shop_unique_rings, kennysheep_minor_cross,
          uniq_crazy_yiuf_cottage, uniq_sigmund, uniq_jessica
D:4:      corexii_shack_village, layout_rooms, minmay_temple_entry_glassed_door,
          serial_shops, nicolae_shop_stone
D:5:      layout_cave_pods, minmay_a_box_with_orc_wizards_in_it
D:6:      layout_gridville, kennysheep_mini_moat, abandoned_shop,
          minmay_chambers_of_fives
D:7:      layout_basic, marbit_many_paths, serial_shops,
          nicolae_inconvenience_store, nicolae_shop_firing_range
D:8:      layout_basic, cheibrodos_ashenzari_chains, serial_demonic,
          serial_demonic_c, serial_demonic_b, serial_demonic_a,
          serial_demonic_f, serial_demonic_f, serial_demonic_b,
          serial_demonic_d, enter_bailey_5, lemuel_flamethrower_2, uniq_erica
D:9:      layout_loops_cross, kennysheep_little_box, grunt_temple_overflow_open,
          hellmonk_lair_entry_icy
Temple:   bh_familiar_temple

Skill      XL: |  1  2  3  4  5  6  7  8  9 10 |
---------------+-------------------------------+-----
Axes           | 2 3 5 7 8 9 10 11 | 11.4
Shields        | 4 5 6 |  6.6
Armour         | 3 5 6 |  6.5
Fighting       | 4 5 7 |  7.2
Throwing       | 3 |  3.4

Action                   |  1- 3 |  4- 6 |  7- 9 | 10-12 || total
-------------------------+-------+-------+-------+-------++-------
Melee: War axe           |    76 |    10 |       |       ||    86
       Hand axe          |       |   124 |   659 |   342 ||  1125
Throw: Dart              |       |       |       |     1 ||     1
Evoke: Wand              |       |       |       |     3 ||     3
  Use: Potion            |     1 |       |     3 |     7 ||    11
       Scroll            |       |       |       |     9 ||     9
 Stab: Distracted        |       |     1 |       |     1 ||     2
       Invisible         |       |       |     3 |       ||     3
       Sleeping          |       |       |     4 |     1 ||     5
Armor: Scale mail        |    50 |    70 |   247 |       ||   367
       Skin              |       |       |    10 |    36 ||    46
       Ring mail         |       |       |    38 |   146 ||   184
Dodge: Dodged            |    26 |    60 |   202 |   132 ||   420
Block: Buckler           |    19 |    32 |   116 |    97 ||   264

Table legend: (Time is in decaauts)
 A = Elapsed time spent in this place.
 B = Non-inter-level travel time spent in this place.
 C = Inter-level travel time spent in this place.
 D = Time resting spent in this place.
 E = Time spent auto-exploring this place.
 F = Levels seen in this place.
 G = Mean time per level.
                   A        B        C        D        E       F      G
               +--------+--------+--------+--------+--------+-----+--------+
         Total |  10191 |   9914 |    277 |    538 |   7337 |  11 |  926.5 |
       Dungeon |   9540 |   9281 |    259 |    315 |   7062 |   9 | 1060.0 |
        Temple |    176 |    158 |     18 |      0 |    156 |   1 |  176.0 |
        Bailey |    474 |    474 |      0 |    223 |    119 |   1 |  474.0 |
               +--------+--------+--------+--------+--------+-----+--------+

Top non-repeatable levels by time:
     D:3: 1982 daAuts
     D:8: 1406 daAuts
     D:2: 1133 daAuts
     D:5: 1076 daAuts
     D:7: 1016 daAuts
     D:1: 958 daAuts
     D:6: 883 daAuts
     D:4: 869 daAuts
  Bailey: 474 daAuts
     D:9: 212 daAuts
  Temple: 176 daAuts
